 Dungeon Crawl Stone Soup version 0.15.0-11-g6f4f891 (webtiles) character file.

18 RobertPalmer the Poker (level 2, -1/22 HPs)
             Began as a Human Death Knight on Aug 31, 2014.
             Was a Follower of Yredelemnul.
             Slain by an adder (2 damage)
             ... on Level 2 of the Dungeon.
             The game lasted 00:03:56 (929 turns).

RobertPalmer the Poker (Human Death Knight)          Turns: 929, Time: 00:03:57

HP  -1/22        AC  3     Str 13      XL: 2   Next: 85%
MP   3/3         EV 10     Int 11      God: Yredelemnul [*.....]
Gold 43          SH  0     Dex 11 (12) Spells:  0 memorised,  1 level left

rFire  . . .     SeeInvis .     a - +0 trident
rCold  . . .     Clarity  .     b - +0 leather armour
rNeg   . . .     rCorr    .     (no shield)
rPois  .         rRot     .     (no helmet)
rElec  .         Spirit   .     (no cloak)
SustAb .         Warding  .     (no gloves)
rMut   .         Stasis   .     (no boots)
Gourm  .                        (no amulet)
MR     .....                    (no ring)
                                (no ring)

@: lethally poisoned, flying, hasted, very quick, not resistant to hostile
enchantments, very unstealthy
A: no striking features
a: Animate Remains, Renounce Religion


You were on level 2 of the Dungeon.
You worshipped Yredelemnul.
Yredelemnul was aware of your devotion.
You were not hungry.

You visited 1 branch of the dungeon, and saw 2 of its levels.

You collected 43 gold pieces.


   Skills:
 - Level 2.0 Fighting
 + Level 3.1 Polearms
 - Level 1.0 Armour
 - Level 1.0 Dodging
 - Level 3.0 Invocations


You had one spell level left.
You didn't know any spells.

Inventory:

Hand weapons
 a - a +0 trident (weapon)
Armour
 b - a +0 leather armour (worn)
Comestibles
 c - 2 bread rations
 f - a rotting chunk of bat flesh {@*1}
 s - a slice of pizza
Scrolls
 e - a scroll of random uselessness {unknown}
 h - 3 scrolls of remove curse {unknown}
 j - a scroll of identify
 k - a scroll of magic mapping {unknown}
Potions
 r - a potion of brilliance

Dungeon Overview and Level Annotations

Branches:
Dungeon (2/15)

Altars:
Fedhas

####....####.........###....##
#....## ##.......## #.#...
#.....# ##.....## #.###.
....... ##...## . ...... ##'##
..... #.# . . #Z# ##Z## #.@S#
#.........# #.......#.#
............) ##.......#.###
#......##.# ####### #


You could see an adder, a friendly rat zombie and a friendly hobgoblin zombie.


Message History

The adder is heavily wounded.
The adder bites you.
You closely miss the adder.
The adder is heavily wounded.
The adder barely misses you. The adder bites you.
You are poisoned.
The adder poisons you!
You closely miss the adder.
The adder is heavily wounded.
You feel sick. The adder barely misses you.
You barely miss the adder.
The adder is heavily wounded.
You feel sick. The adder closely misses you. The adder bites you.
* * * LOW HITPOINT WARNING * * *
Unknown command.
You miss the adder.
The adder is heavily wounded.
The adder bites you.
* * * LOW HITPOINT WARNING * * *
Unknown command.
Drink which item? (? for menu, Esc to quit)
You feel very buoyant.
You fly up into the air.
It was a potion of flight.
* * * LOW HITPOINT WARNING * * *
You feel sick. The adder bites you but does no damage.
Drink which item? (? for menu, Esc to quit)
You feel yourself speed up.
It was a potion of haste.
The adder misses you. The adder bites you.
You die...
Your body rises from the dead as a mindless zombie.

Action                   || total
-------------------------++-------
Melee: Spear             ||    47
       Trident           ||     5
Throw: Tomahawk          ||     9
Invok: Animate Remains   ||     5
  Use: Potion            ||     5
       Scroll            ||     1

Vault maps used:
D:1:      matt_arrival_diagonals
D:2:      overflow_temple_1_default, lemuel_coloured_pillars_altar,
          nicolae_dithmenos_shadow_blocks, uniq_jessica

Notes
Turn   | Place    | Note
--------------------------------------------------------------
     0 | D:1      | RobertPalmer, the Human Death Knight, began the quest for the Orb.
     0 | D:1      | Reached XP level 1. HP: 16/16 MP: 2/2
   171 | D:1      | Reached XP level 2. HP: 22/22 MP: 3/3
   507 | D:1      | Reached skill level 3 in Polearms
   664 | D:1      | HP: 2/22 [gnoll/vampiric spear (4)]
   864 | D:2      | Found a blossoming altar of Fedhas.
   927 | D:2      | HP: 2/22 [adder (3)]
   929 | D:2      | Slain by an adder

Vanquished Creatures
  A giant gecko (D:1)
  An ooze (D:1)
  5 bats
  2 hobgoblins
  2 kobolds
  A ball python (D:1)
  A giant cockroach (D:1)
  A rat (D:2)
14 creatures vanquished.

Vanquished Creatures (collateral kills)
  A rat (D:1)
1 creature vanquished.

Vanquished Creatures (others)
  A bat skeleton (D:1)
  A ball python zombie (D:1)
  A hobgoblin zombie (D:1)
3 creatures vanquished.

Grand Total: 18 creatures vanquished
